 Dungeon Crawl Stone Soup version 0.30-a0-726-gd89dcf765f (webtiles) character file.

Game seed: 13410064604045923122

2293 octoduck the Cleaver (level 9, -2/49 (62) HPs)
             Began as a Hill Orc Necromancer on Jan 30, 2023.
             Was a Believer of Beogh.
             Slain by a vampire (6 damage)
             ... on level 5 of the Dungeon.
             The game lasted 00:30:47 (9396 turns).

octoduck the Cleaver (Hill Orc Necromancer)         Turns: 9396, Time: 00:30:48

HP:   -2/49 (62)    AC: 10    Str: 13    XL:     9   Next: 40%
MP:   11/11         EV: 16    Int: 17    God:    Beogh [**....]
Gold: 523           SH:  0    Dex: 11    Spells: 2/11 levels left

rFire   . . .      SeeInvis .    C - +2 broad axe (heavy)
rCold   . . .      Faith    .    (no shield)
rNeg    . . .      Spirit   .    p - +0 leather armour
rPois   .          Reflect  .    q - +2 hat {Stlth+}
rElec   .          Harm     .    (no cloak)
rCorr   .          Rampage  .    m - +0 pair of gloves
Will    .....                    (no boots)
Stlth   ++                       v - amulet of regeneration
HPRegen 1.08/turn                c - +4 ring of protection
MPRegen 0.12/turn                o - +5 ring of evasion

@: hasted, heavily drained, very quick
A: no striking features
a: Renounce Religion, Smiting


You were on level 5 of the Dungeon.
You worshipped Beogh.
Beogh was pleased with you.
You visited 1 branch of the dungeon, and saw 9 of its levels.
You also visited: Sewer.

You collected 523 gold pieces.

Inventory:

Hand Weapons
 h - a +0 hand axe
 C - a +2 heavy broad axe (weapon)
Missiles
 l - 8 boomerangs
Armour
 a - a +0 robe
 m - a +0 pair of gloves (worn)
 n - a +0 pair of gloves
 p - a +0 leather armour (worn)
 q - a +2 hat of stealth (worn)
 u - a +1 helmet
 E - the +0 hat of Lust {rElec rC+++ MP+9 Int-3}
   (You found it on level 8 of the Dungeon)

   Int:       It affects your intelligence (-3).
   rC:        It renders you almost immune to cold.
   rElec:     It insulates you from electricity.
   MP:        It affects your magic capacity (+9).
Jewellery
 c - a +4 ring of protection (left hand)
 k - a ring of magical power
 o - a +5 ring of evasion (right hand)
 s - a ring of protection from cold
 v - an amulet of regeneration (around neck)
 H - a ring of poison resistance
Wands
 A - a wand of flame (20)
Scrolls
 j - 2 scrolls of fog
 t - 2 scrolls of enchant armour
 x - 7 scrolls of teleportation
 y - a scroll of fear
Potions
 b - a potion of magic
 d - 3 potions of heal wounds {unknown}
 e - 4 potions of resistance
 f - 2 potions of brilliance
 g - a potion of mutation
 i - a potion of cancellation {unknown}
 r - a potion of curing
 w - 3 potions of flight
 z - 2 potions of degeneration
 B - a potion of berserk rage {unknown}
 D - a potion of ambrosia {unknown}
 F - a potion of might {unknown}


   Skills:
 + Level 10.3 Axes
 - Level 1.5 Dodging
 - Level 1.5 Stealth
 - Level 1.5 Spellcasting
 + Level 10.2 Necromancy


You had 2 spell levels left.
You knew the following spells:

 Your Spells              Type           Power      Damage    Failure   Level
a - Necrotise             Necr           100%       1d9       1%          1
b - Vampiric Draining     Necr           36%        2d8       1%          3
c - Kiss of Death         Conj/Necr      72%        2d10      3%          1
d - Animate Dead          Necr           36%        N/A       3%          4

Your spell library contained the following spells:

 Spells                   Type           Power      Damage    Failure   Level
 Dispel Undead            Necr           36%        3d15      3%          4
 Agony                    Necr           36%        N/A       11%         5
 Call Canine Familiar     Summ           1%         N/A       61%         3
 Confusing Touch          Hex            1%         N/A       61%         3
 Ozocubu's Armour         Ice            1%         N/A       61%         3
 Portal Projectile        Hex/Tloc       2%         N/A       61%         3
 Leda's Liquefaction      Hex/Erth       0%         N/A       95%         4
 Simulacrum               Ice/Necr       9%         N/A       99%         6
 Metabolic Englaciation   Hex/Ice        0%         N/A       100%        5


Dungeon Overview and Level Annotations

Branches:
Dungeon (9/15)             Temple (0/1) D:5           Sewer (visited)
   Lair: D:8-11         Orc: D:9-12

Altars:
Ashenzari
Cheibriados
Dithmenos
Nemelex Xobeh
Ru
Sif Muna
Vehumet
Yredelemnul

Annotations:
D:5 vampire, dowan and duvessa, 3 runed translucent doors, lotum's ghost, novice TeAE
D:6 exclusion: 2 wights
D:9 Maggie


Message History

Something draws strength from your injuries!
Something barely misses you. Something bites you.
Something draws strength from your injuries!
You hit something but do no damage. Something hits you.
Something completely misses you. Something hits you!
Something bites you but does no damage.
You miss something. Something closely misses you. Something bites you.
Something draws strength from your injuries!
Casting: Vampiric Draining (safe; 1% risk of failure)
Confirm with . or Enter, or press ? or * to list all spells.
Okay, then.
You barely miss something. Something hits you but does no damage.
Something bites you but does no damage. Something barely misses you.
Something bites you.
Something draws strength from your injuries!
Press: ? - help, v - describe, . - travel The floor, spattered with blood.
Casting: Vampiric Draining (safe; 1% risk of failure)
Confirm with . or Enter, or press ? or * to list all spells.
Aiming: Kiss of Death (safe; 3% risk of failure)
Press: ? - help, Shift-Dir - straight line The negative energy hits something.
You feel drained. Something hits you but does no damage.
Something bites you but does no damage.
You slice something!! Something hits you.
Something bites you but does no damage.
You closely miss something. Something hits you but does no damage.
Something barely misses you. Something hits you but does no damage.
Something completely misses you.
You barely miss something. Something hits you. Something bites you.
Something draws strength from your injuries!
You closely miss something. Something hits you. Something bites you!
Something draws strength from your injuries!
Something hits you!
* * * LOW HITPOINT WARNING * * *
Something barely misses you.
Okay, then.
You feel yourself speed up. Something hits you!
* * * LOW HITPOINT WARNING * * *
Something bites you.
You die...

##.
###......####..###..##
..# ##.####.#
##..#..## ..# ##.##
#.. ##....## #.#
###...# ## ##....##
#..####.Z#..# #.##...
#..#...###.## #.#####.
#...### ##.# #. ##
##.## #.## .. #### #
#.# ##@#####...## ....
#######.# #.Z{......#
#.. ...##Z..##
#..###...## ##.
#........# #...## ..#
##.. ##..#...........
.V ....
...Z#..........# ...
#.# ...##......##..
.... #..
...##.....####.
.....## #..
.........## ##
#....####.


You could see the friendly Dowan the elf zombie.

Vanquished Creatures
  Duvessa (D:5)
  A water moccasin (D:4)
  2 black bears (D:6)
  An orc warrior (D:8)
  An ice beast (D:5)
  A sky beast (D:7)
  An ogre (D:5)
  A phantom (D:6)
  A centaur (D:8)
  5 bullfrogs
  A necrophage (D:5)
  3 scorpions
  Dowan (D:5)
  A centaur zombie (D:4)
  A jelly (D:5)
  5 hounds
  4 iguanas
  3 orc wizards
  A hound zombie (D:4)
  4 gnolls (D:4)
  10 adders
  4 river rats (Sewer)
  A shadow imp (D:6)
  A white imp (D:5)
  An ufetubus (D:7)
  An adder zombie (D:4)
  A worm (D:2)
  2 dart slugs
  20 orcs
  12 ball pythons
  3 endoplasms
  8 giant cockroaches
  13 goblins
  18 hobgoblins
  A jackal (D:1)
  4 kobolds
  10 quokkas
  12 bats
  4 frilled lizards
  A quokka zombie (D:4)
  7 rats
173 creatures vanquished.

Vanquished Creatures (collateral kills)
  2 adders
  A river rat (Sewer)
  A giant cockroach (D:6)
  A goblin (D:3)
  A jackal (D:1)
  A quokka (D:4)
  2 ball pythons
  A frilled lizard (Sewer)
10 creatures vanquished.

Vanquished Creatures (others)
  An elf zombie (D:5)
  2 orc zombies
3 creatures vanquished.

Grand Total: 186 creatures vanquished

Notes
Turn   | Place    | Note
-------+----------+-------------------------------------------
     0 | D:1      | octoduck the Hill Orc Necromancer began the quest for the
                  | Orb.
     0 | D:1      | Reached XP level 1. HP: 14/14 MP: 3/3
   273 | D:1      | Reached XP level 2. HP: 20/20 MP: 1/4
   420 | D:1      | Found a faded altar of an unknown god.
   765 | D:1      | Reached XP level 3. HP: 26/26 MP: 3/5
  1147 | D:2      | Reached skill level 5 in Necromancy
  2191 | D:2      | Reached XP level 4. HP: 33/33 MP: 3/6
  2767 | D:3      | Reached XP level 5. HP: 37/38 MP: 7/7
  2846 | D:3      | Learned a level 3 spell: Vampiric Draining
  3030 | D:3      | Found a sacrificial altar of Ru.
  3082 | D:3      | Reached skill level 1 in Axes
  3455 | D:4      | Became a worshipper of Beogh the Brigand
  3533 | D:4      | Reached XP level 6. HP: 35/45 MP: 8/8
  3757 | D:4      | Noticed a water moccasin
  4178 | D:4      | Reached * piety under Beogh
  4250 | D:4      | Found a basalt altar of Yredelemnul.
  4312 | D:4      | Reached XP level 7. HP: 50/50 MP: 7/9
  4355 | D:4      | Reached skill level 5 in Axes
  4615 | D:4      | Found a shimmering blue altar of Sif Muna.
  4765 | D:5      | Entered Level 5 of the Dungeon
  5204 | D:5      | Noticed a vampire
  5248 | D:5      | Noticed Dowan
  5406 | D:6      | Learned a level 1 spell: Kiss of Death
  5411 | D:6      | Learned a level 4 spell: Animate Dead
  5567 | D:6      | Reached XP level 8. HP: 46/54 MP: 6/10
  5687 | D:6      | Found a glowing drain.
  5691 | Sewer    | Entered a sewer
  5922 | Sewer    | Reached ** piety under Beogh
  7795 | D:7      | Reached XP level 9. HP: 59/62 MP: 9/11
  8170 | D:7      | Identified a scroll of acquirement
  8170 | D:7      | Acquired a +2 heavy broad axe
  8508 | D:8      | Found a broken altar of Ashenzari.
  8526 | D:8      | Identified the +0 hat of Lust {rElec rC+++ MP+9 Int-3}
  8538 | D:8      | Found a snail-covered altar of Cheibriados.
  8538 | D:8      | Found a sparkling altar of Nemelex Xobeh.
  8539 | D:8      | Found a radiant altar of Vehumet.
  8692 | D:8      | Found a shadowy altar of Dithmenos.
  8875 | D:9      | Noticed a two-headed ogre
  8913 | D:9      | Noticed Maggie
  9035 | D:5      | Found a staircase to the Ecumenical Temple.
  9091 | D:5      | Reached skill level 10 in Necromancy
  9114 | D:5      | Reached skill level 10 in Axes
  9229 | D:5      | Noticed Duvessa
  9234 | D:5      | Killed Duvessa
  9243 | D:5      | Found a runed translucent gate.
  9243 | D:5      | Your ally Duvessa died
  9244 | D:5      | Killed Dowan
  9323 | D:5      | Found a runed translucent gate.
  9325 | D:5      | Found a runed translucent gate.
  9334 | D:5      | Noticed lotum's ghost (novice TeAE)
  9396 | D:5      | Slain by a vampire

Illustrated notes

Levels and vault maps discovered:
D:1:      co_arrival_random_square_maze, layout_basic,
          hellmonk_ecumenical_altar_leap_of_faith
D:2:      layout_loops_ring
D:3:      cheibrodos_greedy_goblins, layout_rooms,
          nicolae_ru_the_path_less_chosen, hangedman_abyss_or_decor_lesser_grid,
          minmay_misc_feat_secret_circle
D:4:      layout_basic, nicolae_yredelemnul_corpse_copse,
          lemuel_coloured_pillars_altar
D:5:      layout_layer_cave, temple_doors_cd, gammafunk_ghost_nasty_kobolds,
          uniq_duvessa
D:6:      hellmonk_destroyed_diamonds, layout_rooms, gup_sewer_entry_bowl,
          corexii_item_surrounded_by_moat
D:7:      layout_loops_ring, nicolae_elevator_lobby_plus
D:8:      layout_basic, grunt_dithmenos_smoke,
          chequers_temple_overflow_statue_of_worship, dpeg_lair_monsters,
          minivault_21
D:9:      layout_small_grid, serial_shops, shop, uniq_maggie, uniq_maurice

Skill      XL: |  1  2  3  4  5  6  7  8  9 |
---------------+----------------------------+-----
Necromancy     | 5 6 7 8 9 10 | 10.2
Axes           | 2 4 6 9 10 | 10.3
Dodging        | |  1.5
Stealth        | |  1.5
Spellcasting   | |  1.5

Action                     |  1- 3 |  4- 6 |  7- 9 || total
---------------------------+-------+-------+-------++-------
  Melee: Unarmed           |    32 |       |       ||    32
         Punch             |     2 |       |     1 ||     3
         Whip              |    10 |    27 |       ||    37
         Hand axe          |       |    74 |   171 ||   245
         Broad axe         |       |       |    46 ||    46
   Cast: Necrotise         |    75 |   108 |   101 ||   284
         Vampiric Draining |       |     3 |    10 ||    13
         Kiss of Death     |       |       |     4 ||     4
         Animate Dead      |       |       |     5 ||     5
 Invoke: Convert to Beogh  |       |     1 |       ||     1
    Use: Scroll            |     3 |     3 |     9 ||    15
         Potion            |       |     1 |     2 ||     3
   Stab: Sleeping          |       |     1 |     1 ||     2
         Distracted        |       |       |     1 ||     1
 Armour: Robe              |    18 |    30 |       ||    48
         Leather armour    |       |    48 |    94 ||   142
  Dodge: Dodged            |    53 |    98 |   247 ||   398

Table legend: (Time is in decaauts)
 A = Elapsed time spent in this place.
 B = Non-inter-level travel time spent in this place.
 C = Inter-level travel time spent in this place.
 D = Time resting spent in this place.
 E = Time spent auto-exploring this place.
 F = Levels seen in this place.
 G = Mean time per level.
                   A        B        C        D        E       F      G
               +--------+--------+--------+--------+--------+-----+--------+
         Total |   9590 |   8884 |    706 |   1338 |   5276 |  10 |  959.0 |
       Dungeon |   8574 |   7868 |    706 |   1263 |   4613 |   9 |  952.7 |
         Sewer |   1016 |   1016 |      0 |     75 |    663 |   1 | 1016.0 |
               +--------+--------+--------+--------+--------+-----+--------+

Top non-repeatable levels by time:
     D:4: 1302 daAuts
     D:3: 1177 daAuts
     D:1: 1163 daAuts
     D:2: 1158 daAuts
     D:7: 1126 daAuts
     D:5: 1078 daAuts
   Sewer: 1016 daAuts
     D:6: 862 daAuts
     D:8: 671 daAuts
     D:9: 33 daAuts
